 Dungeon Crawl Stone Soup version 0.31.0-32-g396128a36d (webtiles) character file.

Game seed: 12116232199381199602

37 Killerpretzel the Changeling (level 3, -9/23 HPs)
             Began as an Octopode Shapeshifter on Mar 8, 2024.
             Mangled by a sleepcap (21 damage)
             ... on level 2 of the Dungeon.
             The game lasted 00:00:46 (957 turns).

Killerpretzel the Changeling (Octopode Shapeshifter) Turns: 957, Time: 00:00:47

Health: -9/23      AC:  1    Str: 13    XL:     3   Next: 39%
Magic:  3/3        EV:  2    Int: 12    God:
Gold:   96         SH:  0    Dex: 13    Spells: 2/2 levels left

rFire   . .          .
                       - Unarmed
rCold   . . .        (no shield)
rNeg    . . .        (helmet currently unavailable)
rPois   .            (no amulet)
rElec   .            (no ring)
rCorr   .            (no ring)
SInv    .            (no ring)
Will    .....        (no ring)
Stlth   ++           (no ring)
HPRegen 0.23/turn    (no ring)
MPRegen 0.08/turn    (no ring)
                     (no ring)

%: no passive effects
@: beast-form, sleeping
A: beast (slay +2), almost no armour, amphibious, 8 rings, camouflage 1,
gelatinous body 1, (nimble swimmer 1), tentacles
a: Begin Untransformation


You were on level 2 of the Dungeon.
You were a hulking beast.
You visited 1 branch of the dungeon, and saw 2 of its levels.

You collected 96 gold pieces.

Inventory:

Hand Weapons
 j - the +6 spear of the Solstice {drain, rPois rN+ Str-4 Int+4}
   (You found it on level 2 of the Dungeon)

   Str-4:     It affects your strength (-4).
   Int+4:     It affects your intelligence (+4).
   rPois:     It protects you from poison rN+: It protects you from negative
   energy.
Missiles
 e - 5 boomerangs (quivered)
 i - 5 stones
Jewellery
 g - a ring of ice
Talismans
 b - a beast talisman
 c - a flux talisman
Scrolls
 d - a scroll of immolation
Potions
 a - a potion of lignification
 f - 2 potions of magic
 h - a potion of haste
 k - a potion of berserk rage {unknown}


   Skills:
 + Level 1.6 Fighting
 + Level 2.4 Dodging
 + Level 3.2 Unarmed Combat
 * Level 3.5 Shapeshifting


You had 2 spell levels left.
You didn't know any spells.
Your spell library was empty.

Dungeon Overview and Level Annotations

Branches:
Dungeon (2/15)

Altars:


Innate Abilities, Weirdness & Mutations

You are a hulking beast.
Your limbs bulge with bestial killing power. (Slay +2)
You cannot wear most types of armour.
You are amphibious.
You can wear up to eight rings at the same time.
Your skin changes colour to match your surroundings (Stealth+).
Your rubbery body absorbs attacks. (AC +1, EV +1)
((You are camouflaged when in or above water. (Stealth+)))
You have tentacles for arms and can constrict up to eight enemies at once.


Message History

The hobgoblin hits you.
You tentacle-slap the hobgoblin but do no damage.
You grab the hobgoblin.
The hobgoblin is severely wounded.
You constrict the hobgoblin, but do no damage.
The hobgoblin closely misses you.
You tentacle-slap the hobgoblin.
You kill the hobgoblin!
A sleepcap is nearby!
You tentacle-slap the sleepcap but do no damage.
You grab the sleepcap. You squeeze the sleepcap.
The sleepcap is moderately damaged.
You constrict the sleepcap. The sleepcap releases spores at you.
You are too injured to fight recklessly!
You are too injured to fight recklessly!
A sleepcap is nearby!
You are too injured to fight recklessly!
You are too injured to fight recklessly!
You are too injured to fight recklessly!
A sleepcap is nearby!
You tentacle-slap the sleepcap. You squeeze the sleepcap.
The sleepcap is heavily damaged.
You constrict the sleepcap. The sleepcap barely misses you.
You tentacle-slap the sleepcap.
The sleepcap is severely damaged.
You constrict the sleepcap, but do no damage.
You bludgeon the sleepcap!
You squeeze the sleepcap, but do no damage.
The sleepcap is almost destroyed.
You constrict the sleepcap, but do no damage.
The sleepcap releases spores at you.
You tentacle-slap the sleepcap but do no damage.
The sleepcap is almost destroyed.
You constrict the sleepcap, but do no damage.
The sleepcap releases spores at you.
You are engulfed in a cloud of soporific spores!
You fall asleep.
You lose your grip on the sleepcap.
The sleepcap releases spores at you!!
Ouch! That really hurt!
You die...

.. #.# .# #. #.# .#
##.#####.# .# #.....##.#
##.## #...#.##.# #$.)#
#.#..†##.## #.).#
#..<.......
##...##.#####.##.#.
#.h.=.#............
##.#f#.#######.#.###
###..#.#..# #.#...#
####...##.##...####...#.#
#######....### .)
#....#####.# #.......####
.. ####..)....#
#.#####....###
..###....#######
####...##.##...####
###†.# #..###


You could see a sleepcap.

Vanquished Creatures
  A dart slug (D:1)
  2 ribbon worms (D:2)
  2 bats (D:2)
  3 endoplasms
  A giant cockroach (D:1)
  A goblin (D:2)
  3 hobgoblins (D:2)
  2 jackals (D:2)
  2 kobolds (D:2)
  4 quokkas
  A ball python (D:1)
  A frilled lizard (D:2)
  3 rats (D:1)
26 creatures vanquished.

Notes
Turn   | Place    | Note
-------+----------+-------------------------------------------
     0 | D:1      | Killerpretzel the Octopode Shapeshifter began the quest for
                  | the Orb.
     0 | D:1      | Reached XP level 1. HP: 13/13 MP: 1/1
   120 | D:1      | Reached XP level 2. HP: 18/18 MP: 2/2
   799 | D:2      | Reached XP level 3. HP: 21/23 MP: 3/3
   925 | D:2      | Identified the +6 spear of the Solstice {drain, rPois rN+
                  | Str-4 Int+4}
   957 | D:2      | Mangled by a sleepcap

Illustrated notes

Levels and vault maps discovered:
D:1:      lemuel_arrival_behind_the_door_small, layout_basic,
          roderic_roman_lattice, minivault_25, grunt_decor_one_mirror
D:2:      minmay_general_purpose_star, layout_basic, hangedman_decor_opposing,
          uniq_crazy_yiuf_cottage

Action                     || total
---------------------------++-------
  Melee: Unarmed           ||    36
         Tentacles         ||     7
         Constrict         ||     9
         Punch             ||     1
  Throw: Stone             ||    20
         Boomerang         ||    14
    Use: Scroll            ||     5
   Stab: Sleeping          ||     3
 Armour: Skin              ||    15
  Dodge: Dodged            ||    13
